 Dungeon Crawl Stone Soup version 0.22.1-1-ga44c0e56f4 (webtiles) character file.

183005 Ihlosi the Warrior (level 19, -10/163 HPs)
             Began as a Human Gladiator on Nov 8, 2018.
             Was the Champion of the Shining One.
             Killed from afar by a battlesphere (20 damage)
             ... created by a tengu reaver
             ... on level 1 of the Depths on Nov 9, 2018.
             The game lasted 03:29:32 (42546 turns).

Ihlosi the Warrior (Human Gladiator)               Turns: 42546, Time: 03:29:35

Health: -10/163    AC:  9    Str: 19    XL:     19   Next: 5%
Magic:  23/25      EV: 20    Int:  9    God:    the Shining One [******]
Gold:   1849       SH: 13    Dex: 20    Spells: 25/27 levels left

rFire    + . .     SeeInvis +   a - +2 scimitar (flame)
rCold    + . .     Gourm    .   (no shield)
rNeg     + + +     Faith    .   v - +2 ring mail {rC+}
rPois    +         Spirit   .   E - +2 hat of a bazaar {rElec rN+}
rElec    +         Reflect  +   o - scarf {repulsion}
rCorr    .         Harm     .   l - +2 pair of gloves of Ynirchutu {Regen+}
MR       +....                  Y - +1 pair of boots
Stlth    +.........             R - +5 amulet of reflection
HPRegen  0.77/turn              O - ring of see invisible
MPRegen  0.19/turn              Q - ring of protection from fire

@: divine shield, corroded, glowing, repel missiles
A: iridescent scales 1, poison resistance, strong 1
a: Divine Shield, Cleansing Flame, Summon Divine Warrior, Brand Weapon With Holy
Wrath, Renounce Religion


You were on level 1 of the Depths.
You worshipped the Shining One.
The Shining One was exalted by your worship.
You were hungry.

You visited 8 branches of the dungeon, and saw 31 of its levels.
You visited 1 bazaar.
You also visited: Sewer and Ossuary.

You collected 3453 gold pieces.
You spent 1604 gold pieces at shops.

Inventory:

Hand Weapons
 a - a +2 scimitar of flaming (weapon)
Missiles
 J - 2 tomahawks of returning (quivered)
Armour
 l - the +2 pair of gloves of Ynirchutu (worn) {Regen+}
   (You acquired it on level 13 of the Dungeon)

   It increases your rate of regeneration.
 o - a scarf of repulsion (worn)
 v - a +2 ring mail of cold resistance (worn)
 E - the +2 hat of a bazaar (worn) {rElec rN+}
   (You acquired it on level 3 of the Lair of Beasts)

   It insulates you from electricity.
   It protects you from negative energy.
 T - a scarf of cloud immunity
 Y - a +1 pair of boots (worn)
Jewellery
 d - an uncursed ring of flight
 x - an uncursed ring of stealth
 y - an uncursed amulet of the acrobat
 G - an uncursed ring of poison resistance
 O - a ring of see invisible (left hand)
 Q - a ring of protection from fire (right hand)
 R - a +5 amulet of reflection (around neck)
 S - an uncursed ring of protection from cold
Wands
 z - a wand of flame (35)
 B - a wand of paralysis (11)
 W - a wand of iceblast (3)
Scrolls
 b - 2 scrolls of vulnerability
 e - 3 scrolls of magic mapping
 g - 9 scrolls of identify
 k - 3 scrolls of teleportation
 r - 10 scrolls of remove curse
 s - 3 scrolls of enchant armour
 A - 2 scrolls of silence
 D - 5 scrolls of fog
 F - 2 scrolls of holy word
 K - 3 scrolls of enchant weapon
 P - 7 scrolls of amnesia
Potions
 i - a potion of lignification
 j - a potion of haste
 p - a potion of curing
 q - 6 potions of flight
 t - 2 potions of magic
 u - a potion of cancellation
 H - 4 potions of mutation
 M - 3 potions of brilliance
 N - 3 potions of resistance
Miscellaneous
 h - a lightning rod (4/4)
Comestibles
 f - 27 rations


   Skills:
 * Level 18.0 Fighting
 + Level 15.2 Long Blades
 - Level 2.0 Throwing
 - Level 16.0 Armour
 + Level 11.7 Dodging
 - Level 6.0 Stealth
   Level 0.1 Shields
 * Level 4.6 Spellcasting
 * Level 5.1 Translocations
 - Level 6.0 Invocations
 - Level 9.0 Evocations


You had 25 spell levels left.
You knew the following spells:

 Your Spells              Type           Power        Failure   Level  Hunger
a - Blink                 Tloc           N/A          7%          2    ##.....

Your spell library contained the following spells:

 Spells                   Type           Power        Failure   Level  Hunger
 Gell's Gravitas          Tloc           ##........   13%         3    ###....
 Confusing Touch          Hex            #.....       36%         1    #......
 Magic Dart               Conj           #...         36%         1    #......
 Call Imp                 Summ           #.......     50%         2    ##.....
 Slow                     Hex            #.......     50%         2    ##.....
 Throw Flame              Conj/Fire      #.....       50%         2    ##.....
 Confuse                  Hex            #.......     73%         3    ###....
 Conjure Flame            Conj/Fire      #.......     73%         3    ###....
 Mephitic Cloud           Conj/Pois/Air  #.......     73%         3    ###....
 Petrify                  Tmut/Erth      #.......     98%         4    #####..
 Metabolic Englaciation   Hex/Ice        #.........   100%        5    ######.
 Yara's Violent Unravell  Hex/Tmut       #.........   100%        5    ######.
 Orb of Destruction       Conj           #.........   100%        7    #######
 Spellforged Servitor     Conj/Summ      #.........   100%        7    #######


Dungeon Overview and Level Annotations

Branches:
Dungeon (15/15)            Temple (1/1) D:6            Lair (5/6) D:8
 Shoals (3/4) Lair:4        Snake (1/4) Lair:2          Orc (2/2) D:12
    Elf (3/3) Orc:2        Vaults (0/5) D:13         Depths (1/5) D:15
  Slime: Lair:5-6

Altars:
Ashenzari
Cheibriados
Elyvilon
Fedhas
Gozag
Hepliaklqana
Kikubaaqudgha
Makhleb
Nemelex Xobeh
Okawaru
Qazlal
Ru
Sif Muna
Trog
Uskayaw
Vehumet
Wu Jian
Xom
Yredelemnul
Zin
The Shining One
Beogh

Shops:
D:4 %   D:5 [   Orc:2 ((%*   Elf:1 [   Shoals:2 [

Annotations:
D:10 Snorg
Lair:5 exclusion: wraith, Josephine
Elf:2 5 runed doors, exclusion: orange crystal statue, Dofent's ghost, adept TrMo
Elf:3 Unfinished


Innate Abilities, Weirdness & Mutations

You are partially covered in iridescent scales. (AC +2)
Your system is resistant to poisons. (rPois)
Your muscles are strong. (Str +2)


Message History

The tengu reaver is lightly wounded.
A glowing orange brain comes into view.
The tengu reaver hits you with an enchanted long sword!!
The tengu reaver pecks you but does no damage.
The tengu reaver completely misses you.
You completely miss the tengu reaver.
The tengu reaver is lightly wounded.
The tengu reaver mumbles some strange words.
The tengu reaver conjures a globe of magical energy!
A battlesphere comes into view.
The tengu reaver casts a spell at you. The bolt of acid hits you!
The acid corrodes you!
You are splashed with acid!
The acid burns!
The battlesphere fires!
The barrage of energy hits you!
The tengu reaver gestures at you while chanting.
The bolt of acid hits you!
* * * LOW HITPOINT WARNING * * *
The acid corrodes you!
You are splashed with acid!
The acid burns!
* * * LOW HITPOINT WARNING * * *
The battlesphere fires!
The barrage of energy hits you!
You die...

..#.# #.#.#.# #.#.#.# #.#.#.# #
### #.#.#.##.#..
####'########(#.........
#.............#..%...G.. #
#.............#R#G####.# .##
#.........@...Q........ ..##
#......)........#.####. .# ...#
##.................... ..#
.⌠.#####....#####.*........#+#...
............# #................
...(........# #............!...
........##### #................
.⌠......#...# ####..........uu.
).).....+...# #.....#


You could see a tengu reaver, a rakshasa, a glowing orange brain and a
battlesphere.

Vanquished Creatures
  Nikola (Lair:4)
  A deep elf blademaster (Elf:2)
  A kraken (Shoals:1)
  A sphinx (D:15)
  Gastronok (D:8)
  Kirke (Elf:1)
  A tengu reaver (D:15)
  A deep elf elementalist (Orc:2)
  A minotaur (shapeshifter) (D:15)
  2 deep elf annihilators
  2 merfolk impalers
  The ghost of Dubanael the Destroyer, a journeyman DEFE of Ashenzari (Lair:2)
  A deep elf high priest (D:15)
  8 vault guards
  A yaktaur captain (D:15)
  2 rakshasas
  A merfolk avatar (Shoals:2)
  10 hydras
  An ice dragon (D:15)
  2 centaur warriors
  2 naga warriors (Snake:1)
  An anaconda (Snake:1)
  A death knight (D:13)
  A deep troll shaman (D:15)
  20 dancing weapons
  8 two-headed ogres
  A merfolk aquamancer (Shoals:1)
  A satyr (Shoals:2)
  10 death yaks
  An ogre mage (D:15)
  Erica (Lair:2)
  3 tengu warriors
  3 orc high priests (Orc:2)
  9 deep elf knights
  A shadow wraith (D:15)
  A fire crab (Lair:4)
  A skeletal warrior (D:14)
  7 unseen horrors
  A flayed ghost (D:15)
  3 deep trolls (D:15)
  An unseen horror (shapeshifter) (D:15)
  3 deep elf archers
  A phantasmal warrior (D:15)
  2 wizards (D:15)
  3 sea snakes
  A necromancer (D:15)
  17 harpies
  7 orc knights
  6 fauns
  17 ugly things
  A wolf spider (D:15)
  Pikel (D:4)
  51 deep elf magi
  3 cyclopes
  4 orc sorcerers
  10 elephants
  Joseph (D:8)
  9 black mambas
  10 manticores
  5 merfolk sirens
  A water nymph (Shoals:2)
  2 gargoyles
  2 naga magi (Snake:1)
  14 spiny frogs
  A rime drake (shapeshifter) (D:15)
  2 efreet
  A kobold demonologist (D:15)
  5 komodo dragons
  2 freezing wraiths
  2 rime drakes (Lair:3)
  2 yaktaurs
  A jumping spider (shapeshifter) (D:15)
  2 wind drakes (Shoals:1)
  3 polar bears
  7 trolls
  7 merfolk
  3 hornets
  Grinder (D:4)
  8 dream sheep
  9 blink frogs
  4 snapping turtles
  10 hippogriffs
  A vampire (D:15)
  5 spriggans (Lair:2)
  A slime creature (D:15)
  A meliai zombie (D:15)
  2 shadows (D:15)
  6 wyverns
  A centaur simulacrum (D:15)
  27 yaks
  2 basilisks (Lair:1)
  A wraith (D:13)
  2 fire elementals
  A human (shapeshifter) (D:13)
  7 water elementals
  2 hungry ghosts
  A steam dragon (Lair:2)
  3 hogs (Elf:1)
  Grum (D:11)
  5 vampire mosquitoes
  An acid dragon (D:11)
  3 wargs
  10 nagas
  Menkaure (D:7)
  10 water moccasins
  10 porcupines
  5 sky beasts
  4 ice beasts
  4 slaves
  3 black bears
  2 phantoms
  19 orc warriors
  The ghost of Kaderl the Shield-Bearer, an amateur MfFi (D:3)
  3 boggarts (D:15)
  17 wolves
  A boggart (shapeshifter) (D:13)
  9 centaurs
  16 ogres
  8 crocodiles
  Blork the orc (D:4)
  10 big kobolds
  22 bullfrogs
  An earth elemental (Elf:1)
  A gnoll sergeant (D:12)
  3 wyvern skeletons
  6 gnolls
  4 scorpions
  7 killer bees
  8 wights
  5 howler monkeys
  A vampire bat (Lair:2)
  10 crimson imps
  2 centaur zombies
  3 quasits
  A bullfrog zombie (D:7)
  4 hounds
  12 orc priests
  4 jellies
  18 orc wizards
  4 centaur skeletons
  4 iguanas
  5 worker ants
  A hound zombie (D:10)
  8 mummies (Ossuary)
  A worker ant zombie (D:8)
  9 adders
  A river rat (Sewer)
  5 shadow imps
  An adder zombie (D:7)
  A dart slug (D:1)
  3 leopard geckos
  69 orcs
  A ball python (D:3)
  5 giant cockroaches
  3 gnoll zombies (Ossuary)
  7 goblins
  3 hobgoblins
  10 jackals
  24 kobolds
  6 quokkas
  16 bats
  4 frilled lizards
  3 kobold zombies (Ossuary)
  2 orc zombies (Ossuary)
  9 rats
  5 tentacles
887 creatures vanquished.

Vanquished Creatures (collateral kills)
  An iron troll (D:15)
  A manticore (Shoals:1)
  An orc priest (D:11)
  2 orcs
5 creatures vanquished.

Vanquished Creatures (others)
  An orc sorcerer (Orc:2)
  2 cyclopes
  3 fauns (Shoals:1)
  A merfolk siren (Shoals:1)
  2 merfolk (Shoals:1)
  A hippogriff (Shoals:1)
  An orc warrior (D:12)
  A wraith (D:15)
  An ogre (D:12)
  A centaur (D:15)
  A big kobold (D:12)
  A gnoll sergeant (D:12)
  A shadow imp (D:13)
  15 fungi
  28 plants
  11 tentacles
71 creatures vanquished.

Grand Total: 963 creatures vanquished

Notes
Turn   | Place    | Note
-------+----------+-------------------------------------------
     0 | D:1      | Ihlosi the Human Gladiator began the quest for the Orb.
     0 | D:1      | Reached XP level 1. HP: 16/16 MP: 1/1
   324 | D:1      | Reached XP level 2. HP: 11/22 MP: 2/2
   336 | D:1      | HP: 1/22 [jackal (1)]
   769 | D:1      | Reached skill level 1 in Stealth
   936 | D:1      | Reached XP level 3. HP: 27/27 MP: 3/3
  1649 | D:2      | Reached XP level 4. HP: 14/34 MP: 4/4
  2060 | D:3      | Found a glowing drain.
  2090 | Sewer    | Entered a sewer
  2293 | Sewer    | Noticed a big kobold
  2327 | Sewer    | Killed a big kobold
  2327 | Sewer    | Reached skill level 3 in Fighting
  2327 | Sewer    | Reached XP level 5. HP: 41/41 MP: 5/5
  2378 | Sewer    | Found a white marble altar of Elyvilon.
  2533 | D:3      | Reached XP level 6. HP: 37/48 MP: 6/6
  2791 | D:3      | Reached skill level 5 in Long Blades
  2810 | D:3      | Found a runed gate.
  2812 | D:3      | Found a runed gate.
  2898 | D:3      | Found a deep blue altar of Sif Muna.
  3450 | D:3      | Found a runed gate.
  3453 | D:3      | Noticed Kaderl's ghost (amateur MfFi)
  3492 | D:3      | Killed Kaderl's ghost
  3492 | D:3      | Reached skill level 4 in Fighting
  3503 | D:3      | Reached XP level 7. HP: 45/55 MP: 7/7
  3829 | D:4      | Found a radiant altar of Vehumet.
  4068 | D:4      | Noticed Grinder
  4068 | D:4      | Paralysed by Grinder for 5 turns
  4472 | D:4      | Noticed Pikel
  4504 | D:4      | Killed Pikel
  4504 | D:4      | Reached skill level 6 in Fighting
  4504 | D:4      | Reached XP level 8. HP: 47/64 MP: 8/8
  4607 | D:4      | Found a sparkling altar of Nemelex Xobeh.
  4650 | D:4      | Killed Grinder
  4650 | D:4      | Reached skill level 1 in Armour
  4726 | D:4      | Noticed Blork the orc
  4733 | D:4      | Found Biceozxe's Food Emporium.
  4776 | D:4      | Gained mutation: You have large cloven feet. [potion of
                  | mutation]
  4776 | D:4      | Gained mutation: Your body sometimes deteriorates upon
                  | taking damage. [potion of mutation]
  4776 | D:4      | Gained mutation: You are partially covered in iridescent
                  | scales. (AC +2) [potion of mutation]
  4785 | D:4      | Killed Blork the orc
  4895 | D:5      | Entered Level 5 of the Dungeon
  4955 | D:4      | Reached skill level 1 in Evocations
  4960 | D:5      | Reached skill level 7 in Fighting
  5082 | D:5      | Found Qeusm's Armour Emporium.
  5089 | D:5      | Reached XP level 9. HP: 54/72 MP: 8/10
  5923 | D:6      | Reached skill level 8 in Fighting
  5930 | D:6      | Reached skill level 1 in Spellcasting
  5995 | D:6      | Found a staircase to the Ecumenical Temple.
  6407 | D:6      | Reached skill level 9 in Fighting
  6676 | Temple   | Entered the Ecumenical Temple
  6836 | Temple   | Became a worshipper of the Shining One
  6906 | D:7      | Found a sand-covered staircase.
  6910 | D:7      | Noticed Menkaure
  6918 | D:7      | Killed Menkaure
  6942 | Ossuary  | Entered an ossuary
  6956 | Ossuary  | Reached * piety under the Shining One
  7576 | D:7      | Reached ** piety under the Shining One
  7580 | D:7      | Reached XP level 10. HP: 85/85 MP: 12/12
  7649 | D:7      | Reached skill level 10 in Fighting
  7729 | D:7      | Found a shimmering altar of Xom.
  8193 | D:8      | Reached skill level 11 in Fighting
  8259 | D:8      | Noticed a two-headed ogre
  8318 | D:8      | Noticed Gastronok
  8339 | D:8      | Killed Gastronok
  8382 | D:8      | Noticed Joseph
  8383 | D:8      | Reached skill level 12 in Fighting
  8387 | D:8      | Killed Joseph
  8387 | D:8      | Reached XP level 11. HP: 56/95 MP: 14/14
  8387 | D:8      | Reached *** piety under the Shining One
  8727 | D:8      | Killed a two-headed ogre
  8896 | D:8      | Noticed a two-headed ogre
  8919 | D:8      | Killed a two-headed ogre
  9004 | D:8      | Found a stormy altar of Qazlal.
  9045 | D:8      | Found a staircase to the Lair.
  9053 | D:8      | Noticed a three-headed hydra
  9066 | Lair:1   | Entered Level 1 of the Lair of Beasts
  9219 | Lair:1   | Lost mutation: Your body sometimes deteriorates upon taking
                  | damage. [potion of mutation]
  9219 | Lair:1   | Lost mutation: You have large cloven feet. [potion of
                  | mutation]
  9219 | Lair:1   | Gained mutation: Your system is resistant to poisons.
                  | (rPois) [potion of mutation]
  9219 | Lair:1   | Gained mutation: Your muscles are strong. (Str +2) [potion
                  | of mutation]
  9443 | Lair:1   | Learned a level 2 spell: Blink
  9835 | Lair:1   | Reached skill level 5 in Evocations
 10168 | Lair:1   | Reached skill level 13 in Fighting
 10168 | Lair:1   | Reached XP level 12. HP: 69/105 MP: 15/15
 10814 | Lair:2   | Reached skill level 10 in Long Blades
 11233 | Lair:2   | Reached skill level 5 in Armour
 11514 | Lair:2   | Reached skill level 1 in Translocations
 11683 | Lair:2   | Noticed Erica
 12065 | D:8      | Found a sacrificial altar of Ru.
 12270 | Lair:2   | Noticed a five-headed hydra
 12270 | Lair:2   | Reached **** piety under the Shining One
 12376 | Lair:2   | Noticed a five-headed hydra
 12419 | Lair:2   | Found a runed door.
 12419 | Lair:2   | Noticed Dubanael's ghost (journeyman DEFE)
 12434 | Lair:2   | Found a staircase to the Snake Pit.
 12470 | Lair:2   | Killed Erica
 12645 | Lair:2   | Killed a one-headed hydra
 12697 | Lair:2   | Killed a one-headed hydra
 12945 | Lair:3   | Reached skill level 1 in Invocations
 12945 | Lair:3   | Reached XP level 13. HP: 104/111 MP: 17/17
 13234 | Lair:3   | Identified a scroll of acquirement
 13235 | Lair:3   | Got a brightly glowing hat
 13246 | Lair:3   | Identified the +2 hat of a bazaar {rElec rN+} (You acquired
                  | it on level 3 of the Lair of Beasts)
 13733 | Lair:3   | Reached skill level 5 in Dodging
 15967 | Lair:4   | Noticed a five-headed hydra
 16123 | Lair:4   | Reached skill level 5 in Stealth
 16696 | Lair:4   | Reached skill level 14 in Fighting
 16715 | Lair:4   | Killed a one-headed hydra
 17183 | Lair:4   | Reached XP level 14. HP: 109/120 MP: 19/19
 17554 | Lair:4   | Found a staircase to the Shoals.
 19570 | Lair:5   | Noticed Josephine
 20168 | D:9      | Found a shattered altar of Ashenzari.
 20172 | D:9      | Saw a vision of the Shoals and the Snake Pit.
 20553 | D:10     | Entered Level 10 of the Dungeon
 21094 | D:10     | Noticed Snorg
 21912 | D:11     | Reached ***** piety under the Shining One
 22245 | D:11     | Noticed Grum
 22265 | D:11     | Killed Grum
 22708 | D:12     | Reached skill level 15 in Fighting
 22925 | D:12     | Found a staircase to the Orcish Mines.
 23016 | D:12     | Reached XP level 15. HP: 93/129 MP: 21/21
 23839 | Orc:1    | Entered Level 1 of the Orcish Mines
 23922 | Orc:1    | Found a roughly hewn altar of Beogh.
 24078 | Orc:2    | Entered Level 2 of the Orcish Mines
 24604 | Orc:2    | Found a staircase to the Elven Halls.
 24859 | Snake:1  | Entered Level 1 of the Snake Pit
 25100 | Shoals:1 | Entered Level 1 of the Shoals
 25132 | Shoals:1 | Noticed a kraken
 25159 | Shoals:1 | Noticed Nikola
 25393 | Lair:2   | Killed Dubanael's ghost
 27201 | D:13     | Found a blossoming altar of Fedhas.
 27846 | D:13     | Got a pair of crude gloves
 27857 | D:13     | Identified the +2 pair of gloves of Ynirchutu {Regen+} (You
                  | acquired it on level 13 of the Dungeon)
 28048 | D:13     | Found a gate to the Vaults.
 28367 | D:13     | Got a jewelled whip
 28368 | D:13     | Identified the +9 whip "Quruu" {slash, Fragile rElec rF++
                  | SInv} (You found it on level 13 of the Dungeon)
 28444 | D:14     | Found a snail-covered altar of Cheibriados.
 28655 | Elf:1    | Entered Level 1 of the Elven Halls
 28693 | Elf:1    | Noticed a deep elf elementalist
 28841 | Orc:2    | Reached ****** piety under the Shining One
 29044 | Orc:2    | Reached XP level 16. HP: 137/137 MP: 22/22
 29069 | Orc:2    | Reached skill level 10 in Dodging
 29234 | Orc:2    | Found Niev's General Store.
 29234 | Orc:2    | Found Xuiwisua's Antique Weapon Shoppe.
 29237 | Orc:2    | Found Zohorch's Weapon Shop.
 29243 | Orc:2    | Found Filopiybb's Food Shop.
 30398 | Elf:1    | Reached skill level 16 in Fighting
 30752 | Elf:1    | Identified the Volume of Conjuration
 30868 | Elf:1    | Found Siti's Armour Shop.
 30950 | Elf:1    | Noticed Kirke
 30980 | Elf:1    | Killed Kirke
 31292 | Elf:1    | Reached skill level 5 in Invocations
 31647 | Elf:2    | Found a flickering gateway to a bazaar.
 31656 | Bazaar   | Entered a bazaar
 31670 | Bazaar   | Found Loaga's Antique Weapon Shoppe.
 31693 | Bazaar   | Found Qestrih's Book Shoppe.
 31693 | Bazaar   | Found Lusar's General Store.
 31697 | Bazaar   | Bought a potion of mutation for 64 gold pieces
 31697 | Bazaar   | Bought a scroll of fear for 28 gold pieces
 31697 | Bazaar   | Bought a potion of might for 32 gold pieces
 31728 | Bazaar   | Found Fuapicy's Book Shoppe.
 31728 | Bazaar   | Found Qeopneho's Gadget Emporium.
 31817 | Bazaar   | Bought a manual of Armour for 1214 gold pieces
 31865 | Elf:3    | Entered Level 3 of the Elven Halls
 32201 | Elf:2    | Found a large runed door.
 32201 | Elf:2    | Found a large runed door.
 32216 | Elf:2    | Found a large runed door.
 32216 | Elf:2    | Found a large runed door.
 32268 | Elf:2    | Found a runed gate.
 32268 | Elf:2    | Found a runed gate.
 32268 | Elf:2    | Found a runed gate.
 32277 | Elf:2    | Noticed Dofent's ghost (adept TrMo)
 32629 | Elf:2    | Noticed a deep elf blademaster
 32653 | Elf:2    | Killed a deep elf blademaster
 32653 | Elf:2    | Reached XP level 17. HP: 145/145 MP: 20/23
 33125 | Elf:2    | Reached skill level 10 in Armour
 33832 | Elf:2    | Reached skill level 15 in Long Blades
 34336 | Elf:3    | Got a twisted buckler
 34372 | Elf:2    | Identified the +0 buckler "Jotoc" {rPois Int+4 Dex+4
                  | Stlth-} (You found it on level 3 of the Elven Halls)
 35324 | D:13     | Reached skill level 17 in Fighting
 35729 | D:15     | Entered Level 15 of the Dungeon
 35941 | D:15     | Found a radiant altar of Vehumet.
 35942 | D:15     | Found a shimmering altar of Xom.
 36159 | D:15     | Found a sacrificial altar of Ru.
 36338 | D:15     | Found a staircase to the Depths.
 37073 | D:15     | Reached skill level 15 in Armour
 37326 | D:15     | Reached XP level 18. HP: 154/154 MP: 24/24
 38102 | Depths:1 | Entered Level 1 of the Depths
 38519 | Shoals:1 | HP: 4/155 [Nikola/chain lightning (8)]
 38519 | Shoals:1 | The Shining One protects you from harm!
 38743 | Lair:4   | Killed Nikola
 38882 | Shoals:1 | Killed a kraken
 39893 | Shoals:2 | Found Masebboqe's Antique Armour Shoppe.
 39902 | Shoals:2 | Bought a transparent chain mail for 266 gold pieces
 39902 | Shoals:2 | Identified the +1 chain mail of Birdsong {*Corrode rPois
                  | Str+7} (You bought it in a shop on level 2 of the Shoals)
 40012 | Shoals:2 | Noticed a kraken
 42181 | D:15     | Reached skill level 18 in Fighting
 42181 | D:15     | Reached skill level 5 in Translocations
 42209 | Depths:1 | Reached XP level 19. HP: 115/163 MP: 25/25
 42546 | Depths:1 | Killed from afar by a battlesphere

Skill      XL: |  1  2  3  4  5  6  7  8  9 10 11 12 13 14 15 16 17 18 |
---------------+-------------------------------------------------------+-----
Stealth        | 1 2 3 4 5 6 |  6.0
Long Blades    | 4 5 6 7 9 11 12 13 14 15 | 15.2
Fighting       | 3 4 6 7 9 12 13 14 15 16 17 18 | 18.0
Armour         | 2 3 4 5 6 8 9 15 16 | 16.0
Evocations     | 1 3 5 6 8 9 |  9.0
Spellcasting   | 1 2 3 4 |  4.6
Dodging        | 4 6 8 9 11 | 11.7
Translocations | 3 5 |  5.1
Invocations    | 1 3 5 6 |  6.0
Throwing       | |  2.0
Shields        | |  0.1

Action                   |  1- 3 |  4- 6 |  7- 9 | 10-12 | 13-15 | 16-18 | 19-21 || total
-------------------------+-------+-------+-------+-------+-------+-------+-------++-------
Melee: Long sword        |    88 |   138 |   181 |   425 |  1119 |       |       ||  1951
       Hand axe          |       |    33 |    87 |       |       |       |       ||   120
       Whip              |       |       |    53 |       |       |       |       ||    53
       Kick              |       |       |    77 |    61 |       |       |       ||   138
       Scimitar          |       |       |       |    25 |   327 |  1562 |    63 ||  1977
       Unarmed           |       |       |       |       |       |     9 |       ||     9
Throw: Throwing net      |     4 |     2 |     1 |     3 |       |       |       ||    10
       Tomahawk          |       |       |       |     7 |    39 |     3 |       ||    49
 Cast: Blink             |       |       |       |       |       |     2 |       ||     2
Invok: Divine Shield     |       |       |       |       |     2 |     9 |     1 ||    12
       Cleansing Flame   |       |       |       |       |       |     1 |       ||     1
       Summon Divine War |       |       |       |       |       |     2 |       ||     2
Evoke: Wand              |       |       |       |    19 |    58 |    21 |       ||    98
       Lightning rod     |       |       |       |       |     4 |     1 |       ||     5
  Use: Potion            |     1 |     5 |     4 |    10 |    10 |    12 |       ||    42
       Scroll            |       |       |       |    12 |    19 |    20 |       ||    51
 Stab: Sleeping          |     3 |     3 |     1 |       |       |       |       ||     7
       Distracted        |       |       |     1 |       |       |       |       ||     1
  Eat: Chunk             |     2 |     6 |     8 |    13 |    31 |    22 |       ||    82
       Ration            |       |       |     2 |     1 |     7 |     7 |       ||    17
Armor: Leather armour    |    23 |    27 |       |       |       |       |       ||    50
       Skin              |       |    33 |     3 |    16 |     4 |       |       ||    56
       Ring mail         |       |     6 |   134 |   126 |   267 |   523 |    19 ||  1075
Dodge: Dodged            |    69 |    97 |   210 |   216 |   735 |  1158 |    33 ||  2518
       Deflected         |       |     2 |     6 |       |       |    13 |     2 ||    23
Block: Other             |       |       |       |    85 |   255 |   389 |     6 ||   735
       Reflection        |       |       |       |     2 |    14 |    18 |     1 ||    35
       Rpst.: Long sword |    26 |    37 |    32 |    54 |   151 |       |       ||   300
       Scimitar          |       |       |       |     5 |    26 |   222 |     9 ||   262
